 Dungeon Crawl Stone Soup version 0.17-a0-1464-g59a308b (webtiles) character file.

35716 Lick the Brawler (level 13, -1/121 HPs)
             Began as a Troll Monk on July 1, 2015.
             Was the Champion of Okawaru.
             Slain by Rupert
             ... wielding a +5 great mace of protection
              (20 damage)
             ... on level 15 of the Dungeon.
             The game lasted 00:37:10 (15773 turns).

Lick the Brawler (Troll Monk)                      Turns: 15773, Time: 00:37:10

Health: -1/121     AC: 11    Str: 25    XL:     13   Next: 49%
Magic:  12/12      EV: 10    Int:  9    God:    Okawaru [******]
Gold:   935        SH: 12    Dex: 14    Spells: 0 memorised, 12 levels left

rFire  . . .     SeeInvis .       - Unarmed
rCold  . . .     Clarity  +     y - +0 steam dragon armour
rNeg   + + +     SustAt   .     L - +1 shield {rN+}
rPois  .         Gourm    +     (helmet restricted)
rElec  .         Spirit   .     t - -1 cloak (curse)
rCorr  .         Warding  +     (gloves unavailable)
rMut   .         Stasis   .     (boots unavailable)
MR     +....                    k - amulet of warding
Stlth  +++.......               B - ring of protection from magic
                                K - ring of positive energy

@: somewhat resistant to hostile enchantments, fairly stealthy
A: unfitting armour, claws 3, slimy green scales 1, camouflage 1, agile 1,
clarity, clever 1, fast metabolism 3, gourmand, regeneration 2, robust 1, shaggy
fur 2, tough skin 2, subdued magic 1
a: Heroism, Finesse, Renounce Religion


You were on level 15 of the Dungeon.
You worshipped Okawaru.
Okawaru was exalted by your worship.
You were full.

You visited 2 branches of the dungeon, and saw 16 of its levels.
You also visited: Ossuary.

You collected 935 gold pieces.

Inventory:

Hand weapons
 r - a +0 giant spiked club
Missiles
 e - 5 poisoned javelins
 u - 13 large rocks (quivered)
Armour
 t - a cursed -1 cloak (worn)
 y - a +0 steam dragon armour (worn)
 L - a +1 shield of positive energy (worn)
Jewellery
 b - an uncursed ring of protection from cold
 k - an amulet of warding (around neck)
 s - an uncursed ring of fire
 B - a ring of protection from magic (right claw)
 K - a ring of positive energy (left claw)
Magical devices
 j - a wand of draining (5)
 l - a wand of flame (18)
 o - a wand of frost (11)
 v - a wand of flame (17)
 x - a wand of magic darts (31)
 A - a wand of slowing (17)
 F - a wand of draining (0)
 I - a wand of cold (6)
Scrolls
 a - 3 scrolls of teleportation
 c - 16 scrolls of identify
 d - 2 scrolls of magic mapping
 h - 3 scrolls of recharging
 i - 3 scrolls of amnesia
 n - 5 scrolls of remove curse
 q - 3 scrolls of immolation
 w - a scroll of blinking
Potions
 f - a potion of curing
 p - 3 potions of might
 z - 2 potions of brilliance
 H - a potion of lignification
 J - a potion of agility
Comestibles
 g - 4 fruits
 C - 5 meat rations
 D - 3 beef jerkies
 G - 10 slices of pizza
 Z - 12 bread rations


   Skills:
 - Level 2.4 Fighting
 - Level 2.4 Dodging
 - Level 1.1 Stealth
 * Level 7.7 Shields
 - Level 20.0 Unarmed Combat


You had 12 spell levels left.
You didn't know any spells.

Dungeon Overview and Level Annotations

Branches:
Dungeon (15/15)            Temple (1/1) D:6            Lair (0/8) D:9
    Orc (0/4) D:11         Vaults (0/5) D:14         Depths (0/5) D:15

Altars:
Ashenzari
Cheibriados
Dithmenos
Elyvilon
Fedhas
Gozag
Kikubaaqudgha
Makhleb
Nemelex Xobeh
Okawaru
Qazlal
Ru
Sif Muna
Trog
Vehumet
Xom
Yredelemnul
Zin
The Shining One

Shops:
D:5 (   D:11 }

Annotations:
D:15 Rupert


Innate Abilities, Weirdness & Mutations

You are too large for most types of armour.
You have claws for hands.
Your metabolism is lightning-fast.
You like to eat raw meat.
You heal very quickly.
You are covered in thick fur (AC +2).
You have very tough skin (AC +2).
You are partially covered in slimy green scales (AC +2).
Your skin changes colour to match your surroundings (Stealth).
You are agile. (Dex +2)
You possess an exceptional clarity of mind.
Your mind is acute. (Int +2)
You are robust (+10% HP).
Your spells are a little easier to cast, but a little less powerful.


Message History

You scratch Rupert.
Rupert is almost dead.
Rupert hits you with a great mace of protection!
The tengu conjurer points at you and mumbles some strange words.
The puff of flame hits you!
You claw Rupert!
Rupert is almost dead.
Rupert hits you with a great mace of protection!
* * * LOW HITPOINT WARNING * * *
Rupert rages.
You hear a shout!
You scratch Rupert but do no damage.
Rupert is almost dead.
Rupert barely misses you.
Drink which item? (? for menu, Esc to quit)
You feel better.
Rupert hits you with a great mace of protection!!
* * * LOW HITPOINT WARNING * * *
Rupert hits you with a great mace of protection!!
You die...

.....# ....#
#.####...#
.......# #....#
#Q# ###### #.#
...... #@# ......
#@#
################.#
........(......#.#
##############.#.#
#.#.# #.#.#
###.#.# #...#.#
#.###.#


You could see Rupert (berserk) and a tengu conjurer.

Vanquished Creatures
  Maud (D:10)
  The ghost of afx the Grappler, a powerful TrMo of Okawaru (D:14)
  2 hydras
  An ogre mage (D:15)
  2 dancing weapons (D:14)
  4 centaur warriors
  2 tengu warriors
  A deep elf knight (D:15)
  An unseen horror (D:11)
  A wolf spider zombie (D:15)
  5 ugly things
  8 hill giants
  2 manticores (D:12)
  3 cyclopes
  A salamander (shapeshifter) (D:15)
  4 centaur skeletons
  3 gargoyles
  A komodo dragon (D:9)
  4 trolls
  Grinder (D:4)
  A slime creature (D:13)
  3 deep elf magi
  A trapdoor spider (D:14)
  A trapdoor spider (shapeshifter) (D:14)
  A human (D:8)
  3 wraiths
  2 hungry ghosts
  8 yaks (D:13)
  2 basilisks
  3 vampire mosquitoes (D:15)
  A hog (D:8)
  Eustachio (D:5)
  2 mottled dragons (D:12)
  2 hippogriffs (D:10)
  2 steam dragons
  16 insubstantial wisps (D:13)
  Duvessa (D:5)
  2 sky beasts
  A black bear (D:10)
  The ghost of Malachi the Chucker, an average OgHu (D:3)
  4 ice beasts
  A necrophage (D:11)
  5 orc warriors
  An eye of draining (D:15)
  A wasp (D:10)
  2 phantoms
  7 ogres
  9 centaurs
  8 giant frogs
  Blork the orc (D:4)
  A big kobold (D:5)
  A wyvern zombie (D:14)
  7 scorpions
  Dowan (D:5)
  7 killer bees
  3 wights (Ossuary)
  A quasit (D:9)
  3 centaur zombies
  7 hounds
  6 crimson imps
  4 giant frog skeletons
  7 iguanas
  9 orc wizards
  10 orc priests
  A worker ant (shapeshifter) (D:15)
  12 worker ants
  A killer bee zombie (D:9)
  3 sheep (D:8)
  The ghost of afx the Shield-Bearer, a weakling FoFi (D:15)
  A hound skeleton (D:5)
  A worker ant zombie (D:7)
  11 adders
  12 gnolls
  5 shadow imps
  A white imp (D:5)
  An adder zombie (Ossuary)
  An ooze (D:4)
  2 worms
  2 giant geckos
  53 orcs
  24 bats
  4 bat skeletons
  4 giant cockroaches
  17 hobgoblins
  3 jackals (D:9)
  2 quokkas
  2 ball python skeletons (Ossuary)
  6 giant newts
  11 goblins
  A goblin skeleton (D:5)
  A goblin zombie (D:5)
  A hobgoblin skeleton (Ossuary)
  A hobgoblin zombie (D:5)
  A jackal zombie (D:5)
  23 kobolds
  A kobold skeleton (D:5)
  3 kobold zombies
  6 orc skeletons (D:5)
  4 orc zombies
  12 rats
  A fungus (D:11)
  A plant (D:9)
445 creatures vanquished.

Vanquished Creatures (others)
  A ball lightning (D:13)
  A quokka (D:4)
  A fungus (D:11)
3 creatures vanquished.

Grand Total: 448 creatures vanquished

Notes
Turn   | Place    | Note
--------------------------------------------------------------
     0 | D:1      | Lick the Troll Monk began the quest for the Orb.
     0 | D:1      | Reached XP level 1. HP: 22/22 MP: 0/0
   200 | D:1      | Reached XP level 2. HP: 29/29 MP: 1/1
   724 | D:2      | You fall through a shaft!
   730 | D:3      | Reached skill level 5 in Unarmed Combat
   733 | D:3      | Reached XP level 3. HP: 36/36 MP: 2/2
   736 | D:3      | Noticed Malachi's ghost (average OgHu)
   770 | D:3      | Killed Malachi's ghost
   770 | D:3      | Reached skill level 6 in Unarmed Combat
   770 | D:3      | Reached XP level 4. HP: 6/44 MP: 3/3
   989 | D:3      | Found a faded altar to an unknown god.
   997 | D:3      | Reached XP level 5. HP: 50/50 MP: 4/4
  1135 | D:3      | Found a shattered altar of Ashenzari.
  1334 | D:3      | Reached skill level 7 in Unarmed Combat
  1808 | D:2      | Reached XP level 6. HP: 59/59 MP: 5/5
  2733 | D:4      | Reached skill level 8 in Unarmed Combat
  2812 | D:4      | Noticed Grinder
  2825 | D:4      | Paralysed by Grinder for 5 turns
  2835 | D:4      | Killed Grinder
  2835 | D:4      | Reached XP level 7. HP: 64/66 MP: 6/6
  2843 | D:4      | Found a sand-covered staircase.
  2847 | Ossuary  | Entered an ossuary
  2900 | Ossuary  | Reached skill level 9 in Unarmed Combat
  2941 | Ossuary  | Noticed a flying skull
  2941 | Ossuary  | Noticed a wraith
  2947 | Ossuary  | Noticed a flying skull
  2948 | Ossuary  | Noticed a flying skull
  2982 | Ossuary  | Noticed a flying skull
  3023 | Ossuary  | Noticed a flying skull
  3029 | Ossuary  | Noticed a wraith
  3034 | Ossuary  | Killed a wraith
  3049 | Ossuary  | Noticed a wraith
  3058 | Ossuary  | Killed a wraith
  3058 | Ossuary  | Reached skill level 10 in Unarmed Combat
  3058 | Ossuary  | Reached XP level 8. HP: 49/74 MP: 7/7
  3132 | Ossuary  | Gained mutation: You possess an exceptional clarity of mind. [potion of mutation]
  3132 | Ossuary  | Gained mutation: You are partially covered in slimy green scales (AC +2). [potion of mutation]
  3132 | Ossuary  | Gained mutation: Your spells are a little easier to cast, but a little less powerful. [potion of mutation]
  3324 | D:4      | Noticed Blork the orc
  3338 | D:4      | Killed Blork the orc
  3603 | D:4      | Reached skill level 11 in Unarmed Combat
  3724 | D:5      | Entered Level 5 of the Dungeon
  3724 | D:5      | Noticed Eustachio
  3730 | D:5      | Killed Eustachio
  3767 | D:5      | Noticed Dowan
  3769 | D:5      | Noticed Duvessa
  3776 | D:5      | Killed Dowan
  3783 | D:5      | Killed Duvessa
  3828 | D:5      | Found Ehoedel's Antique Weapon Shop.
  3947 | D:5      | Reached skill level 12 in Unarmed Combat
  4021 | D:5      | Found a glowing golden altar of the Shining One.
  4073 | D:5      | Reached XP level 9. HP: 58/80 MP: 8/8
  4924 | D:6      | Gained mutation: You can spit weak poison. [mutagenic meat]
  4926 | D:6      | Gained mutation: Your spells are easier to cast, but less powerful. [mutagenic meat]
  4928 | D:6      | Gained mutation: Your body sometimes deteriorates upon taking damage. [mutagenic meat]
  4929 | D:6      | Lost mutation: You can spit weak poison. [mutagenic meat]
  5035 | D:6      | Found a staircase to the Ecumenical Temple.
  5054 | D:6      | Reached skill level 13 in Unarmed Combat
  5096 | Temple   | Entered the Ecumenical Temple
  5157 | Temple   | Became a worshipper of Warmaster Okawaru
  5157 | Temple   | Acquired Okawaru's first power
  5579 | D:7      | Found a sacrificial altar of Ru.
  5708 | D:7      | Found a stormy altar of Qazlal.
  5744 | D:7      | Reached skill level 14 in Unarmed Combat
  5926 | D:7      | Found a snail-covered altar of Cheibriados.
  5928 | D:7      | Found a basalt altar of Yredelemnul.
  5929 | D:7      | Found a burning altar of Makhleb.
  5929 | D:7      | Found a bloodstained altar of Trog.
  6549 | D:8      | Reached XP level 10. HP: 73/88 MP: 9/9
  6722 | D:8      | Found a glowing golden altar of the Shining One.
  6900 | D:8      | Found a deep blue altar of Sif Muna.
  6956 | D:8      | Identified Sif Muna's Catalogue of Stones
  7038 | D:9      | Gained mutation: You are covered in thick fur (AC +2). [potion of beneficial mutation]
  7578 | D:9      | Reached skill level 15 in Unarmed Combat
  7589 | D:9      | Found a staircase to the Lair.
  7805 | D:10     | Entered Level 10 of the Dungeon
  7805 | D:10     | Noticed Maud
  7819 | D:10     | Killed Maud
  7819 | D:10     | Received a gift from Okawaru
  7843 | D:10     | Reached skill level 16 in Unarmed Combat
  8112 | D:10     | Noticed a hill giant
  8121 | D:10     | Killed a hill giant
  8305 | D:10     | Acquired Okawaru's second power
  8305 | D:10     | Reached XP level 11. HP: 79/94 MP: 10/10
  8886 | D:11     | Killed an unseen horror
  9386 | D:11     | Lost mutation: Your spells are easier to cast, but less powerful. [mutagenic meat]
  9387 | D:11     | Gained mutation: You have sharp toenails. [mutagenic meat]
  9490 | D:11     | Found a staircase to the Orcish Mines.
  9527 | D:11     | Reached skill level 17 in Unarmed Combat
  9535 | D:11     | Lost mutation: You have sharp toenails. [mutagenic meat]
  9537 | D:11     | Gained mutation: Your skin changes colour to match your surroundings (Stealth). [mutagenic meat]
  9540 | D:11     | Gained mutation: You are agile. (Dex +2) [mutagenic meat]
  9632 | D:11     | Noticed a hill giant
  9653 | D:11     | Killed a hill giant
  9653 | D:11     | Received a gift from Okawaru
  9815 | D:11     | Noticed a hill giant
  9825 | D:11     | Killed a hill giant
 10068 | D:11     | Found Muuq's Gadget Shoppe.
 10160 | D:12     | Noticed an eight-headed hydra
 10345 | D:11     | Killed a nine-headed hydra
 10941 | D:12     | Reached skill level 18 in Unarmed Combat
 11682 | D:12     | Reached XP level 12. HP: 61/104 MP: 11/11
 12183 | D:13     | You fall through a shaft for 2 floors!
 12183 | D:15     | Entered Level 15 of the Dungeon
 12189 | D:15     | Received a gift from Okawaru
 12242 | D:14     | Reached skill level 19 in Unarmed Combat
 12266 | D:14     | Found a gate to the Vaults.
 12730 | D:13     | Identified the Incunabulum of Transmigration
 13013 | D:13     | Gained mutation: Your mind is acute. (Int +2) [mutagenic meat]
 13021 | D:13     | Noticed a centaur warrior
 13031 | D:13     | Killed a centaur warrior
 13594 | D:13     | Reached skill level 20 in Unarmed Combat
 13626 | D:13     | Reached skill level 1 in Shields
 13856 | D:14     | Noticed afx's ghost (powerful TrMo)
 13873 | D:14     | Killed afx's ghost
 13873 | D:14     | Received a gift from Okawaru
 13972 | D:14     | Noticed a centaur warrior
 13991 | D:14     | Killed a centaur warrior
 13991 | D:14     | Reached XP level 13. HP: 32/110 MP: 12/12
 14355 | D:14     | Noticed a centaur warrior
 14363 | D:14     | Killed a centaur warrior
 14590 | D:14     | Reached skill level 5 in Shields
 14838 | D:15     | Lost mutation: Your body sometimes deteriorates upon taking damage. [mutagenic meat]
 14930 | D:15     | Noticed a centaur warrior
 14932 | D:15     | Killed a centaur warrior
 15003 | D:15     | Noticed afx's ghost (weakling FoFi)
 15008 | D:15     | Killed afx's ghost
 15070 | D:15     | Noticed an ettin
 15080 | D:15     | Noticed an ogre mage
 15571 | D:15     | Killed an ogre mage
 15575 | D:15     | Gained mutation: You are robust (+10% HP). [mutagenic meat]
 15664 | D:15     | Received a gift from Okawaru
 15698 | D:15     | Found a staircase to the Depths.
 15748 | D:15     | Noticed Rupert
 15773 | D:15     | Slain by Rupert

Vault maps used:
D:1:      dpeg_arrival_shrine
D:3:      nicolae_overflow_hidden_temple, ecumenical_altar_1, first_bread
D:4:      lightli_ossuary_entry_decrepit_ruins, uniq_grinder, uniq_blork_the_orc
D:5:      serial_shops, shop, ldierk_geyser, nicolae_tso_besieged_by_evil,
          uniq_eustachio, uniq_duvessa
D:6:      kennysheep_steamy, minmay_temple_entry_glass
D:7:      kennysheep_little_box, minitemple
D:8:      basic_altar, grunt_livestock, led_sif_book
D:9:      david_lair_shrubbed
D:10:     uniq_maud
D:11:     old_forge, orc_0_dummy, serial_shops, kennysheep_mini_moat
D:13:     aerie_lemuel
D:14:     erik_vaults_1
D:15:     hangedman_depths_entry_civil_slaughter, dk_noncrumbling_4, uniq_rupert
Temple:   circular_temple_12
Ossuary:  ossuary_due_cavern

Action                   |  1- 3 |  4- 6 |  7- 9 | 10-12 | 13-15 || total
-------------------------+-------+-------+-------+-------+-------++-------
Melee: Unarmed           |    59 |   172 |   376 |   668 |   133 ||  1408
Throw: Large rock        |       |       |       |       |     5 ||     5
Invok: Heroism           |       |       |       |       |     1 ||     1
Evoke: Wand              |       |       |       |     5 |       ||     5
  Use: Potion            |     2 |     2 |     7 |     7 |     5 ||    23
       Scroll            |       |       |    12 |     5 |       ||    17
 Stab: Sleeping          |     1 |     3 |     4 |     7 |     2 ||    17
       Distracted        |       |       |       |     2 |       ||     2
  Eat: Chunk             |    11 |    20 |    38 |    72 |    20 ||   161
       Meat ration       |       |       |       |     1 |       ||     1
